 Dungeon Crawl Stone Soup version 0.32-a0-131-g9dbbe29261 (console) character file.

Game seed: 15911289429507215749

6228 jejorda2 the Cleaver (level 10, -8/83 HPs)
             Began as a Gnoll Berserker on Feb 8, 2024.
             Was a Priest of Trog.
             Mangled by a hornet (10 damage)
             ... on level 10 of the Dungeon.
             The game lasted 00:20:00 (10274 turns).

jejorda2 the Cleaver (Gnoll Berserker)             Turns: 10274, Time: 00:20:02

Health: -8/83      AC: 18    Str: 20    XL:     10   Next: 92%
Magic:  27/27      EV:  9    Int: 11    God:    Trog [***...]
Gold:   246        SH:  0    Dex: 15    Spells: 20/20 levels left

rFire   + . .        a - +0 battleaxe
rCold   + . .        (shield currently unavailable)
rNeg    . . .        y - +0 plate armour
rPois   .            d - +0 helmet
rElec   .            G - +0 cloak
rCorr   .            (no gloves)
SInv    .            j - +1 pair of boots
Will    .....        (no amulet) Stlth
                     r - ring "Olitodukh" {Fly rF+ MP+9}
HPRegen 0.33/turn    f - ring "Zuziuc" {Fly rC+ Int+3 Dex+4}
MPRegen 0.20/turn

%: no passive effects
@: on berserk cooldown, flying, slowed, studying Polearms, very slow
A: fangs 1, strong nose, distributed training
a: Renounce Religion, Berserk, Trog's Hand


You were on level 10 of the Dungeon.
You worshipped Trog.
Trog was most pleased with you.
You visited 1 branch of the dungeon, and saw 10 of its levels.

You collected 546 gold pieces.
You spent 300 gold pieces at shops.

Inventory:

Hand Weapons
 a - a +0 battleaxe (weapon)
 u - a +0 morningstar
Missiles
 i - 9 boomerangs (quivered)
 o - 6 javelins
 z - 16 poisoned darts
 A - a curare-tipped dart
Armour
 d - a +0 helmet (worn)
 j - a +1 pair of boots (worn)
 y - a +0 plate armour (worn)
 G - a +0 cloak (worn)
Jewellery
 f - the ring "Zuziuc" (right hand) {Fly rC+ Int+3 Dex+4}
   (You found it on level 7 of the Dungeon)

   [ring of flight]

   Int+3:     It affects your intelligence (+3).
   Dex+4:     It affects your dexterity (+4).
   rC+:       It protects you from cold.
   Fly:       It grants you flight.
 k - a ring of positive energy
 p - a ring of resist corrosion
 r - the ring "Olitodukh" (left hand) {Fly rF+ MP+9}
   (You found it on level 3 of the Dungeon)

   [ring of flight]

   rF+:       It protects you from fire.
   MP+9:      It affects your magic capacity (+9).
   Fly:       It grants you flight.
 t - a ring of protection from fire
 F - a ring of see invisible
Wands
 e - a wand of charming (13)
 B - a wand of iceblast (10)
 D - a wand of mindburst (5)
 E - a wand of flame (17)
Scrolls
 b - 4 scrolls of teleportation
 g - 2 scrolls of poison
 l - a scroll of blinking
 n - 3 scrolls of immolation
 q - a scroll of fog
 v - a scroll of revelation
 w - a scroll of silence
Potions
 c - 2 potions of mutation
 h - 2 potions of cancellation
 s - a potion of enlightenment {unknown}
 x - a potion of haste
 C - a potion of might {unknown}
 H - a potion of attraction {unknown}


   Skills:
 + Level 9.0 Fighting
 + Level 5.9 Short Blades
 + Level 5.9 Long Blades
 + Level 9.0 Axes
 + Level 5.9 Maces & Flails
 + Level 7.3 Polearms
 + Level 5.9 Staves
 + Level 5.9 Ranged Weapons
 + Level 5.9 Throwing
 + Level 7.6 Armour
 + Level 7.6 Dodging
 + Level 5.9 Stealth
 + Level 5.9 Shields
 + Level 5.9 Unarmed Combat
 + Level 5.9 Spellcasting
 + Level 4.9 Conjurations
 + Level 4.9 Hexes
 + Level 4.9 Summonings
 + Level 4.9 Necromancy
 + Level 4.9 Translocations
 + Level 4.9 Fire Magic
 + Level 4.9 Ice Magic
 + Level 4.9 Air Magic
 + Level 4.9 Earth Magic
 + Level 4.9 Alchemy
 + Level 6.5 Invocations
 + Level 5.9 Evocations
 + Level 5.4 Shapeshifting


You had 20 spell levels left.
You didn't know any spells.
Your spell library was empty.

Dungeon Overview and Level Annotations

Branches:
Dungeon (10/15)            Temple (0/1) D:7
   Lair: D:8-11         Orc: D:9-12

Altars:
Dithmenos
Elyvilon
Fedhas
Gozag
Kikubaaqudgha
Nemelex Xobeh
Qazlal
Uskayaw
Wu Jian
Yredelemnul
Zin

Shops:
D:4 :   D:5 [   D:7 *

Annotations:
D:4 1 runed translucent door


Innate Abilities, Weirdness & Mutations

You have very sharp teeth.
Your uncanny sense of smell can sniff out nearby items.
Your experience applies equally to all skills.


Message History

You feel as though you will be slow longer.
You can move again.
Aiming: Mindburst
Press: ? - help, Shift-Dir - straight line, f - hornet
Aim: a hornet (chance to affect: 77%)
The hornet's mind is blasted!
You feel very sick. The hornet stings you.
* * * LOW HITPOINT WARNING * * *
You feel as though you will be slow longer.
The hornet barely misses you.
Aiming: Mindburst
Press: ? - help, Shift-Dir - straight line, f/p - hornet
Aim: a hornet (heavily wounded, chance to affect: 77%)
The hornet barely resists.
* * * LOW HITPOINT WARNING * * *
You feel very sick. The hornet stings you.
* * * LOW HITPOINT WARNING * * *
You feel as though you will be slow longer.
The hornet stings you but does no damage.
Unknown command.
You feel better. The hornet stings you!
* * * LOW HITPOINT WARNING * * *
You feel as though you will be slow longer.
The hornet stings you but does no damage. x2
Okay, then.
Unknown command.
Aiming: Mindburst
Press: ? - help, Shift-Dir - straight line, f/p - hornet
Aim: a hornet (heavily wounded, chance to affect: 77%)
The hornet barely resists.
The hornet barely misses you.
The hornet stings you but does no damage.
Aiming: Mindburst
Press: ? - help, Shift-Dir - straight line, f/p - hornet
Aim: a hornet (heavily wounded, chance to affect: 77%)
The hornet's mind is blasted.
The hornet stings you but does no damage.
The hornet stings you!
You die...

#.. #.#######
###.#.....#
###.'.#.###.#
#######...#...#.#.#
.....)..#######.#.#
######### ...#.# #
#y#.#.## #)@|...#
###.##..# #... .#
####+ #


You could see a hornet.

Vanquished Creatures
  A two-headed ogre (D:10)
  Pikel (D:7)
  Maurice (D:9)
  A komodo dragon (D:10)
  5 yaks (D:9)
  A wyvern (D:9)
  2 steam dragons
  Menkaure (D:5)
  A water moccasin (D:6)
  Duvessa (D:6)
  2 orc warriors (D:8)
  A sky beast (D:7)
  5 black bears
  2 ice beasts
  2 centaurs (D:9)
  3 lemures (D:7)
  2 phantoms
  2 bullfrogs (D:8)
  2 kobold brigands
  A gnoll sergeant (D:8)
  6 wights (D:6)
  Dowan (D:6)
  9 killer bees
  An electric eel (D:6)
  2 howler monkeys
  Crazy Yiuf (D:6)
  2 bombardier beetles (D:4)
  3 hounds
  5 orc priests
  A human skeleton (D:4)
  A gnoll bouda (D:4)
  An iguana (D:5)
  A sleepcap (D:6)
  Terence (D:2)
  4 orc wizards
  5 gnolls
  4 adders
  A white imp (D:5)
  3 dart slugs
  A ribbon worm (D:2)
  24 orcs
  7 ball pythons
  6 bats
  5 endoplasms
  3 giant cockroaches
  9 goblins
  14 hobgoblins
  4 quokkas
  2 frilled lizards
  A goblin skeleton (D:4)
  A jackal zombie (D:4)
  13 kobolds
  6 rats
185 creatures vanquished.

Vanquished Creatures (others)
  A human (D:9)
1 creature vanquished.

Grand Total: 186 creatures vanquished

Notes
Turn   | Place    | Note
-------+----------+-------------------------------------------
     0 | D:1      | jejorda2 the Gnoll Berserker began the quest for the Orb.
     0 | D:1      | Reached XP level 1. HP: 23/23 MP: 1/1
   186 | D:1      | Reached XP level 2. HP: 29/29 MP: 2/2
   611 | D:1      | Reached XP level 3. HP: 34/35 MP: 3/3
  1090 | D:2      | Reached skill level 1 in Invocations
  1190 | D:2      | Noticed Terence
  1205 | D:2      | Killed Terence
  1206 | D:2      | Reached skill level 1 in Short Blades
  1206 | D:2      | Reached skill level 1 in Long Blades
  1206 | D:2      | Reached skill level 1 in Maces & Flails
  1206 | D:2      | Reached skill level 1 in Polearms
  1206 | D:2      | Reached skill level 1 in Staves
  1206 | D:2      | Reached skill level 1 in Ranged Weapons
  1206 | D:2      | Reached skill level 1 in Throwing
  1206 | D:2      | Reached skill level 1 in Stealth
  1206 | D:2      | Reached skill level 1 in Shields
  1206 | D:2      | Reached skill level 1 in Unarmed Combat
  1206 | D:2      | Reached skill level 1 in Spellcasting
  1206 | D:2      | Reached skill level 1 in Evocations
  1206 | D:2      | Reached skill level 1 in Shapeshifting
  1206 | D:2      | Reached XP level 4. HP: 26/41 MP: 5/5
  1968 | D:2      | Found a faded altar of an unknown god.
  2016 | D:2      | Found a shadowy altar of Dithmenos.
  2152 | D:2      | Reached skill level 1 in Conjurations
  2152 | D:2      | Reached skill level 1 in Hexes
  2152 | D:2      | Reached skill level 1 in Summonings
  2152 | D:2      | Reached skill level 1 in Necromancy
  2152 | D:2      | Reached skill level 1 in Translocations
  2152 | D:2      | Reached skill level 1 in Fire Magic
  2152 | D:2      | Reached skill level 1 in Ice Magic
  2152 | D:2      | Reached skill level 1 in Air Magic
  2152 | D:2      | Reached skill level 1 in Earth Magic
  2152 | D:2      | Reached skill level 1 in Alchemy
  2432 | D:3      | Reached ** piety under Trog
  2456 | D:3      | Found a white marble altar of Elyvilon.
  2539 | D:3      | Identified the ring "Olitodukh" {Fly rF+ MP+9}
  3021 | D:3      | You are sucked into a shaft and drop 1 floor!
  3068 | D:4      | Reached XP level 5. HP: 47/47 MP: 7/7
  3281 | D:3      | Found a glowing silver altar of Zin.
  3328 | D:4      | Noticed a black bear
  3346 | D:4      | Killed a black bear
  3347 | D:4      | Reached skill level 5 in Armour
  3347 | D:4      | Reached skill level 5 in Dodging
  3347 | D:4      | Reached XP level 6. HP: 53/53 MP: 9/9
  3501 | D:4      | Found Fuireloc's Book Boutique.
  3590 | D:4      | Noticed a black bear
  3608 | D:4      | Killed a black bear
  3609 | D:4      | Reached XP level 7. HP: 37/60 MP: 10/10
  3813 | D:4      | Noticed a human
  3816 | D:4      | Found a runed translucent door.
  3831 | D:4      | Found a basalt altar of Yredelemnul.
  4497 | D:5      | Entered Level 5 of the Dungeon
  4790 | D:5      | Noticed Menkaure
  4804 | D:5      | Killed Menkaure
  4805 | D:5      | Reached XP level 8. HP: 37/67 MP: 12/12
  5144 | D:5      | Found Heblism's Antique Armour Emporium.
  5528 | D:5      | Found a shadowy altar of Dithmenos.
  5844 | D:5      | Bought a runed chain mail for 180 gold pieces
  6022 | D:6      | Reached *** piety under Trog
  6300 | D:6      | Found an opulent altar of Gozag.
  6301 | D:6      | Found a blossoming altar of Fedhas.
  6372 | D:6      | Noticed Duvessa
  6383 | D:6      | Killed Duvessa
  6384 | D:6      | Reached XP level 9. HP: 73/73 MP: 15/15
  6445 | D:6      | Noticed Dowan
  6472 | D:6      | Killed Dowan
  6734 | D:6      | Found a sparkling altar of Nemelex Xobeh.
  6736 | D:6      | Found a stormy altar of Qazlal.
  6796 | D:6      | Found a runed translucent door.
  6797 | D:6      | Noticed Crazy Yiuf
  6811 | D:6      | Killed Crazy Yiuf
  7042 | D:7      | Identified a scroll of acquirement
  7042 | D:7      | Acquired a manual of Polearms
  7118 | D:7      | Found a staircase to the Ecumenical Temple.
  7546 | D:7      | Noticed Pikel
  7556 | D:7      | Killed Pikel
  7557 | D:7      | Reached skill level 5 in Polearms
  7557 | D:7      | Reached skill level 5 in Invocations
  7570 | D:7      | Identified the ring "Zuziuc" {Fly rC+ Int+3 Dex+4}
  7656 | D:7      | Found Syupuf's Island Escapes.
  7664 | D:7      | Bought a scroll of blinking for 120 gold pieces
  7746 | D:7      | Found a hide-covered altar of Uskayaw.
  8192 | D:8      | Reached skill level 5 in Short Blades
  8192 | D:8      | Reached skill level 5 in Long Blades
  8192 | D:8      | Reached skill level 5 in Maces & Flails
  8192 | D:8      | Reached skill level 5 in Staves
  8192 | D:8      | Reached skill level 5 in Ranged Weapons
  8192 | D:8      | Reached skill level 5 in Throwing
  8192 | D:8      | Reached skill level 5 in Stealth
  8192 | D:8      | Reached skill level 5 in Shields
  8192 | D:8      | Reached skill level 5 in Unarmed Combat
  8192 | D:8      | Reached skill level 5 in Spellcasting
  8192 | D:8      | Reached skill level 5 in Evocations
  8192 | D:8      | Reached XP level 10. HP: 27/81 MP: 17/17
  8679 | D:9      | Noticed Maurice
  8686 | D:9      | Maurice stole 173 gold
  8690 | D:9      | Killed Maurice
  8997 | D:9      | Reached skill level 5 in Shapeshifting
  9919 | D:9      | Found an ancient bone altar of Kikubaaqudgha.
  9952 | D:10     | Entered Level 10 of the Dungeon
  9996 | D:10     | Found an ornate altar of the Wu Jian Council.
 10013 | D:10     | Noticed a two-headed ogre
 10018 | D:10     | Killed a two-headed ogre
 10267 | D:10     | Paralysed by a hornet for 3 turns
 10271 | D:10     | HP: 4/83 [hornet (5)]
 10272 | D:10     | HP: 1/83 [hornet (11)]
 10274 | D:10     | Mangled by a hornet

Illustrated notes

Levels and vault maps discovered:
D:1:      dpeg_chamrin_arrival_tetris, layout_basic
D:2:      layout_basic, ebering_ecumenical_altar_webs, serial_co_window_serial,
          co_window_corner_a, co_window_corner_a, co_window_paths_a,
          co_window_cross_1, co_window_paths_b, co_window_unsneaky_path_a,
          co_window_unsneaky_path_d, co_window_broadway_c, co_window_cross_3,
          co_window_paths_c, co_window_4corner_a, basic_altar, uniq_terence
D:3:      layout_basic, nicolae_overflow_hidden_temple, glass_columns_b
D:4:      minmay_chambers_of_fours, layout_basic, dk_yredelemnul_ordeal,
          serial_shops, nicolae_book_shop_shelving, minmay_goblin_outpost
D:5:      layout_cave_pods, nicolae_dithmenos_the_darkroom, serial_shops, shop,
          minmay_fractal_squares_5, uniq_menkaure
D:6:      layout_loops_ring, nicolae_overflow_two_pavilions, minitemple,
          uniq_duvessa, uniq_crazy_yiuf_cottage
D:7:      layout_loops_cross, kennysheep_mini_moat, minmay_temple_entry_arrows,
          minmay_misc_feat_enclosed, nicolae_island_escapes, uniq_pikel
D:8:      layout_cave_pools, minmay_puff
D:9:      layout_stronghold, tgw_kikubaaqudgha, minmay_misc_feat_encased,
          uniq_maurice
D:10:     layout_roguey, nicolae_ru_great_annihilating_truth,
          trog_butcher_becter, mainiacjoe_overflow_tiny_flanked

Skill      XL: |  1  2  3  4  5  6  7  8  9 10 |
---------------+-------------------------------+-----
Invocations    | 1 2 3 4 5 6 |  6.5
Short Blades   | 1 2 3 4 5 |  5.9
Long Blades    | 1 2 3 4 5 |  5.9
Maces & Flails | 1 2 3 4 5 |  5.9
Polearms       | 1 2 3 4 5 7 |  7.3
Staves         | 1 2 3 4 5 |  5.9
Ranged Weapons | 1 2 3 4 5 |  5.9
Throwing       | 1 2 3 4 5 |  5.9
Stealth        | 1 2 3 4 5 |  5.9
Shields        | 1 2 3 4 5 |  5.9
Unarmed Combat | 1 2 3 4 5 |  5.9
Spellcasting   | 1 2 3 4 5 |  5.9
Evocations     | 1 2 3 4 5 |  5.9
Shapeshifting  | 1 2 3 4 5 |  5.4
Conjurations   | 1 2 3 4 |  4.9
Hexes          | 1 2 3 4 |  4.9
Summonings     | 1 2 3 4 |  4.9
Necromancy     | 1 2 3 4 |  4.9
Translocations | 1 2 3 4 |  4.9
Fire Magic     | 1 2 3 4 |  4.9
Ice Magic      | 1 2 3 4 |  4.9
Air Magic      | 1 2 3 4 |  4.9
Earth Magic    | 1 2 3 4 |  4.9
Alchemy        | 1 2 3 4 |  4.9
Armour         | 5 6 7 |  7.6
Dodging        | 5 6 7 |  7.6
Fighting       | 7 8 9 |  9.0
Axes           | 7 8 9 |  9.0

Action                     |  1- 3 |  4- 6 |  7- 9 | 10-12 || total
---------------------------+-------+-------+-------+-------++-------
  Melee: Hand axe          |    80 |   149 |    16 |       ||   245
         Bite              |     6 |    17 |    29 |    23 ||    75
         Punch             |     1 |     3 |    16 |       ||    20
         War axe           |       |       |   234 |       ||   234
         Battleaxe         |       |       |    43 |   164 ||   207
 Invoke: Berserk           |     1 |     2 |     8 |     3 ||    14
         Trog's Hand       |       |     1 |     2 |     2 ||     5
  Evoke: Wand              |       |       |     1 |     7 ||     8
    Use: Scroll            |       |       |    18 |     2 ||    20
         Potion            |       |       |       |     1 ||     1
 Armour: Animal skin       |    12 |       |       |       ||    12
         Ring mail         |    33 |       |       |       ||    33
         Chain mail        |       |    96 |     2 |       ||    98
         Plate armour      |       |       |   285 |   209 ||   494
  Dodge: Dodged            |    45 |    77 |   126 |   115 ||   363

Table legend: (Time is in decaauts)
 A = Elapsed time spent in this place.
 B = Non-inter-level travel time spent in this place.
 C = Inter-level travel time spent in this place.
 D = Time resting spent in this place.
 E = Time spent auto-exploring this place.
 F = Levels seen in this place.
 G = Mean time per level.
                   A        B        C        D        E       F      G
               +--------+--------+--------+--------+--------+-----+--------+
         Total |  10478 |  10067 |    411 |    529 |   7731 |  10 | 1047.8 |
       Dungeon |  10478 |  10067 |    411 |    529 |   7731 |  10 | 1047.8 |
               +--------+--------+--------+--------+--------+-----+--------+

Top non-repeatable levels by time:
     D:5: 1456 daAuts
     D:9: 1312 daAuts
     D:2: 1281 daAuts
     D:6: 1219 daAuts
     D:4: 1202 daAuts
     D:1: 1056 daAuts
     D:3: 987 daAuts
     D:8: 952 daAuts
     D:7: 665 daAuts
    D:10: 343 daAuts
